 Dungeon Crawl Stone Soup version 0.22-a0-525-gf69a080 (webtiles) character file.

18 Amnesiac the Chiller (level 2, -6/19 HPs)
             Began as a Barachi Ice Elementalist on June 21, 2018.
             Mangled by a dire flail of electrocution (10 damage)
             ... created by the rancor of the Wu Jian Council
             ... on level 1 of the Dungeon.
             The game lasted 00:04:08 (560 turns).

Amnesiac the Chiller (Barachi Ice Elementalist)      Turns: 560, Time: 00:04:09

Health: -6/19      AC:  2    Str:  9    XL:     2   Next: 66%
Magic:  5/5        EV: 12    Int: 15    God:
Gold:   13         SH:  0    Dex: 12    Spells: 5/6 levels left

rFire    . . .     SeeInvis .   (no weapon)
rCold    . . .     Gourm    .   (no shield)
rNeg     . . .     Faith    .   a - +0 robe
rPois    .         Spirit   .   (no helmet)
rElec    .         Reflect  .   (no cloak)
rCorr    .         Harm     .   (no gloves)
MR       .....                  (no boots)
Stlth    ++........             (no amulet)
HPRegen  0.06/turn              (no ring)
MPRegen  0.09/turn              (no ring)

@: can't hop, slow
A: +LOS, swims, slowness 1, strong legs 1
a: Hop


You were on level 1 of the Dungeon.
You were not hungry.

You visited 1 branch of the dungeon, and saw 2 of its levels.

You collected 13 gold pieces.

Inventory:

Hand Weapons
 f - a +1 dagger of electrocution
Armour
 a - a +0 robe (worn)
 b - a +0 pair of boots
 d - a scarf of cloud immunity
Potions
 e - a potion of mutation {!q, unknown}
Comestibles
 c - a ration


   Skills:
 - Level 2.1 Dodging
 - Level 1.7 Stealth
 + Level 2.8 Spellcasting
   Level 1.1 Conjurations
 * Level 4.1 Ice Magic


You had 5 spell levels left.
You knew the following spells:

 Your Spells              Type           Power        Failure   Level  Hunger
a - Freeze                Ice            ##..         3%          1    #......

Your spell library contained the following spells:

 Spells                   Type           Power        Failure   Level  Hunger
 Throw Frost              Conj/Ice       ##....       11%         2    ##.....
 Summon Ice Beast         Ice/Summ       #.......     65%         4    #####..
 Ozocubu's Armour         Chrm/Ice       #.......     26%         3    ###....
 Throw Icicle             Conj/Ice       ##......     56%         4    #####..


Dungeon Overview and Level Annotations

Branches:
Dungeon (2/15)

Altars:
Wu Jian


Innate Abilities, Weirdness & Mutations

Shadows flee at your approach. (+LOS)
You can swim through water.
You cover ground slowly.
You can hop short distances.


Message History

Things that are here:
a stone; an embroidered scarf
d - an embroidered scarf The hobgoblin closely misses you.
The kobold throws a stone.
The stone barely misses you.
Found a stone.
The hobgoblin hits you with a club.
* * * LOW HITPOINT WARNING * * *
Casting: Freeze (safe; 3% risk of failure)
Confirm with . or Enter, or press ? or * to list all spells.
Aiming: Freeze (safe; 3% risk of failure)
Press: ? - help, Shift-Dir - straight line, f - hobgoblin
Aim: a hobgoblin, wielding a club You freeze the hobgoblin.
The hobgoblin is almost dead.
The hobgoblin barely misses you.
Casting: Freeze (safe; 3% risk of failure)
Confirm with . or Enter, or press ? or * to list all spells.
Aiming: Freeze (safe; 3% risk of failure)
Press: ? - help, Shift-Dir - straight line, f/p - hobgoblin
Aim: a hobgoblin, wielding a club (almost dead)
You freeze the hobgoblin.
You kill the hobgoblin!
A bat comes into view.
Press: ? - help, v - describe, . - travel
Here: a rapier of speed (durably summoned)
The floor.
The bat hits you.
* * * LOW HITPOINT WARNING * * *
The bat closely misses you. The bat barely misses you.
The bat closely misses you.
The kobold throws a stone.
The stone closely misses you. The bat barely misses you.
The bat hits you but does no damage.
The kobold throws a stone.
The stone hits you.
* * * LOW HITPOINT WARNING * * *
The bat closely misses you.
You see here 2 stones.
The bat hits you but does no damage. The bat hits you but does no damage.
The bat hits you but does no damage. The bat misses you.
The bat barely misses you. The bat misses you. The bat closely misses you.
The bat hits you.
* * * LOW HITPOINT WARNING * * *
The bat hits you.
* * * LOW HITPOINT WARNING * * *
The bat closely misses you. The bat barely misses you.
The bat hits you but does no damage. The bat barely misses you.
The bat barely misses you. The bat barely misses you.
The bat hits you but does no damage. The bat hits you but does no damage.
The bat hits you.
* * * LOW HITPOINT WARNING * * *
The bat barely misses you. x2
The bat closely misses you. The bat barely misses you.
The bat barely misses you. The bat closely misses you.
The bat barely misses you. The bat closely misses you.
The dire flail of electrocution hits you!
Ouch! That really hurt!
You die...

##### ####### ....#
#.(...#
....#########.###K#
...b...##..K..# #.#
..K.##.##K#######(#
....##.##.###..(.b#
...(##..........@##
..........###.##.#
.....#..### # ...
..........# #..##
#.......#.# ....
.......##.# #..##
#...#(#.... #.#
#.....#.#.## ..
........... .>


You could see 2 dancing weapons, a bat and a kobold.

Vanquished Creatures
  A leopard gecko (D:2)
  4 bats
  A giant cockroach (D:1)
  A goblin (D:1)
  3 hobgoblins (D:1)
  5 frilled lizards
  A rat (D:1)
16 creatures vanquished.

Notes
Turn   | Place    | Note
-------+----------+-------------------------------------------
     0 | D:1      | Amnesiac the Barachi Ice Elementalist began the quest for the Orb.
     0 | D:1      | Reached XP level 1. HP: 13/13 MP: 3/3
   118 | D:2      | Reached XP level 2. HP: 19/19 MP: 2/5
   120 | D:2      | Found a faded altar of an unknown god.
   134 | D:2      | Became a worshipper of the Wu Jian Council
   134 | D:2      | Reached * piety under Wu Jian
   137 | D:2      | Fell from the grace of Wu Jian
   152 | D:2      | Reached skill level 4 in Ice Magic
   157 | D:2      | Noticed a rapier of speed
   157 | D:2      | Noticed a rapier of piercing
   157 | D:2      | Noticed a broad axe of speed
   157 | D:2      | Noticed a rapier of flaming
   498 | D:1      | Noticed a dire flail of electrocution
   498 | D:1      | Noticed a rapier of speed
   498 | D:1      | Noticed a great sword of flaming
   498 | D:1      | Noticed a rapier of electrocution
   560 | D:1      | Mangled by a dire flail of electrocution

Vault maps used:
D:1:      nzn_arrival_settlement, serial_bayou_pond_b, lemuel_old_faithful
D:2:      vehumet_crystals, chequers_ecumenical_altar_island, serial_bayou,
          dk_vineyard_1, minmay_misc_feat_room

Skill      XL: |  1  2 |
---------------+-------+-----
Ice Magic      | 4 |  4.1
Dodging        | |  2.1
Stealth        | |  1.7
Spellcasting   | |  2.8
Conjurations   | |  1.1

Action                   || total
-------------------------++-------
 Cast: Freeze            ||    26
Invok: Renounce Religion ||     1
 Abil: Hop               ||     2
  Use: Scroll            ||     1
Armor: Robe              ||    19
Dodge: Dodged            ||    70

Table legend:
 A = Spawn XP
 B = Non-spawn XP
 C = Spawn XP percentage of total XP
 D = Spawn monster count
 E = Non-spawn monster count
 F = Spawn count percentage of total count
 G = Total turns spent on level
                    A         B        C        D         E        F      G
               +---------+---------+-------+---------+---------+-------+---------
         Total |       0 |      26 |   0.0 |       0 |      16 |   0.0 |   560
               +---------+---------+-------+---------+---------+-------+---------
           D:1 |       0 |      19 |   0.0 |       0 |      11 |   0.0 |   471
           D:2 |       0 |       7 |   0.0 |       0 |       5 |   0.0 |    89
               +---------+---------+-------+---------+---------+-------+---------
